Map: Kairos Junction LE

Players

EKOZERG - Winner!

  • Race: Zerg Zerg
  • League: Platinum
  • Spawn Location: 5:00

Woah

  • Race: Terran Terran
  • Spawn Location: 11:00

VOD

Have the link to the VOD?

Description

Time

  • Played on: June 14, 2019, 11:35 a.m.
  • Length: 10:17
Show
View Real Time Build Order
Export as new Build Order

EKOZERG Zerg - Winner!

Build Orders: Hatch First 

Get SALT Encoding   

  12  0:01  Drone  
  13  0:12  Overlord  
  13  0:18  Drone  
  14  0:23  Extractor  
  14  0:24  Drone  
  15  0:35  Drone x2  
  17  0:56  Hatchery  
  16  1:08  Spawning Pool  
  16  1:10  Extractor  
  14  1:12  Drone  
  14  1:16  Drone  
  16  1:28  Drone  
  16  1:31  Drone  
  18  1:35  Drone  
  19  1:56  Queen  
  19  1:57  Zergling x2  
  22  2:09  Drone  
  22  2:14  Queen  
  24  2:15  Metabolic Boost  
  24  2:19  Zergling x6  
  24  2:22  Drone  
  28  2:29  Overlord  
  28  3:03  Lair, Drone  
  28  3:04  Drone x5  
  34  3:33  Evolution Chamber  
  33  3:34  Evolution Chamber  
  28  4:10  Zerg Missile Weapons Level 1  
  28  4:11  Overlord  
  28  4:12  Drone  
  28  4:13  Drone x6  
  28  4:14  Hydralisk Den  
  34  4:27  Extractor  
  34  4:29  Extractor  
  32  4:40  Overseer  
  32  4:59  Drone x4  
  36  5:01  Muscular Augments  
  36  5:17  Hatchery  
  36  5:18  Overlord x2  
  36  5:19  Overlord  
  36  5:20  Drone  
  36  5:27  Zerg Ground Armor Level 1  
  36  5:36  Queen  
  38  5:48  Drone x3  
  38  5:49  Drone x2  
  43  5:50  Hydralisk x5  
  43  5:52  Zergling x8  
  57  6:11  Zergling x6  
  60  6:12  Grooved Spines  
  60  6:13  Overlord  
  58  6:28  Hydralisk x2  
  58  6:29  Hydralisk x2  
  51  6:47  Hydralisk, Zergling x2  
  51  6:48  Hydralisk x2, Zergling x8  
  51  6:54  Zergling x10  
  67  7:04  Extractor  
  67  7:08  Lurker Den, Drone x4  
  69  7:31  Hydralisk  
  69  7:32  Hydralisk  
  69  7:33  Zergling x2  
  69  7:34  Nydus Network, Zergling x2  
  69  7:36  Overlord x4  
  74  7:54  Overlord x2  
  63  8:21  Hydralisk  
  63  8:22  Hydralisk x6  
  63  8:23  Zergling x12  
  63  8:24  Zergling x8  
  84  8:32  Overseer  
  82  8:48  Zergling x2  
  82  8:49  Zergling x14  
  65  9:42  Zergling x2  
  65  9:43  Hydralisk x3, Zergling x12  
Show
View Real Time Build Order
Export as new Build Order

Woah Terran 

Build Orders: Reaper Expand 

Get SALT Encoding   

  12  0:01  SCV  
  13  0:13  SCV  
  14  0:18  Supply Depot  
  14  0:25  SCV  
  15  0:41  Barracks  
  15  0:42  SCV  
  16  0:45  Refinery  
  16  0:54  SCV  
  17  1:11  SCV  
  18  1:23  SCV  
  19  1:30  Reaper  
  20  1:35  Command Center  
  20  1:42  Orbital Command  
  20  1:53  Barracks  
  20  2:05  Supply Depot  
  20  2:12  Barracks Reactor  
  20  2:13  SCV  
  21  2:17  Refinery  
  21  2:25  SCV  
  22  2:44  Factory  
  22  2:46  Barracks Tech Lab  
  22  2:47  SCV  
  22  2:48  Orbital Command  
  23  2:57  Marine  
  24  2:58  Reaper  
  24  3:02  SCV  
  26  3:14  Marine  
  26  3:15  Marine  
  26  3:16  SCV  
  26  3:18  SCV  
  30  3:21  Stimpack  
  30  3:28  SCV  
  30  3:30  Marine  
  30  3:31  SCV  
  33  3:39  Starport  
  33  3:41  SCV  
  26  4:11  Factory Reactor  
  26  4:12  Marine x3  
  29  4:18  Supply Depot x2  
  29  4:19  Engineering Bay  
  29  4:23  Engineering Bay  
  27  4:29  Marine  
  24  4:32  SCV  
  24  4:33  SCV  
  25  4:44  SCV  
  25  4:45  SCV  
  27  4:47  Terran Infantry Weapons Level 1  
  27  4:55  Marine x2  
  27  4:56  SCV, Marine  
  27  4:57  SCV  
  32  5:02  Factory Tech Lab  
  32  5:08  SCV  
  32  5:13  Marine x2  
  35  5:15  Marine  
  35  5:20  SCV  
  37  5:25  Medivac  
  39  5:34  Command Center  
  39  5:39  Supply Depot  
  39  5:45  SCV  
  39  5:46  SCV  
  41  5:51  Terran Infantry Armor Level 1  
  41  5:53  Medivac  
  43  5:57  SCV  
  44  6:10  Marine x2  
  49  6:11  Siege Tank  
  49  6:12  SCV  
  49  6:16  Barracks  
  49  6:17  Barracks  
  48  6:38  Marine x3  
  48  6:39  SCV  
  46  6:41  Armory  
  46  6:43  Refinery  
  46  6:44  Refinery  
  44  6:55  SCV  
  44  6:56  Marine x3  
  48  7:04  SCV  
  48  7:08  Orbital Command  
  49  7:10  SCV  
  49  7:13  Marine  
  49  7:14  Siege Tank  
  54  7:16  SCV  
  54  7:22  SCV  
  56  7:25  Medivac, Marine  
  56  7:28  SCV  
  56  7:29  Barracks Reactor  
  61  7:33  Barracks Reactor  
  61  7:34  SCV  
  61  7:36  Orbital Command, Barracks  
  61  7:42  SCV  
  62  7:46  SCV  
  63  7:55  SCV  
  63  7:58  SCV  
  65  8:00  Marine x3  
  68  8:08  SCV  
  69  8:13  Marine x2  
  69  8:18  Marine x2  
  67  8:26  Siege Tank  
  59  8:28  Marine x2  
  59  8:29  Marine x2  
  59  8:30  Factory  
  59  8:31  Marine x2  
  65  8:39  Marine x2  
  67  8:46  Marine  
  67  8:47  Marine x3  
  62  8:49  Marine  
  58  8:58  Siege Tank  
  58  9:02  Marine  
  58  9:03  Marine x2  
  58  9:09  Marine x4  
  57  9:19  Marine  
  57  9:20  Marine x3  
  59  9:27  Marine x2  
  59  9:29  Marine  
  46  9:58  Marine x2  
  45  10:02  SCV  
Tags
 
Add a new tag
Caveats
  • Supply blocks, unpowered buildings, or Contaminate may cause inaccurate times.
  • Supply counts are checked every 10 seconds.